 Dungeon Crawl Stone Soup version 0.23.2-1-ga50397a (webtiles) character file.

Game seed: 3699660178827505141

6265 whitewolfNL the Basher (level 10, -2/94 HPs)
             Began as a Minotaur Berserker on May 25, 2019.
             Was a High Priest of Trog.
             Slain by a killer bee (3 damage)
             ... summoned by an orange crystal statue
             ... on level 9 of the Dungeon.
             The game lasted 00:33:30 (9679 turns).

whitewolfNL the Basher (Minotaur Berserker)         Turns: 9679, Time: 00:33:32

Health: -2/94      AC: 13    Str: 24    XL:     10   Next: 62%
Magic:  11/11      EV:  8    Int: -1 (4) God:    Trog [*****.]
Gold:   391        SH:  0    Dex: 11    Spells: 9/9 levels left

rFire    . . .     SeeInvis +   Z - +0 great mace (drain)
rCold    . . .     Gourm    .   (shield currently unavailable)
rNeg     . . .     Faith    .   p - +0 plate armour
rPois    .         Spirit   .   u - +0 hat
rElec    .         Reflect  .   (no cloak)
rCorr    .         Harm     .   M - +0 pair of gloves
MR       .....                  (no boots)
Stlth    ..........             (no amulet)
HPRegen  0.25/turn              l - ring of stealth
MPRegen  0.12/turn              B - ring of see invisible

@: lethally poisoned (-2 -> -33), slowed, lost intelligence, very slow
A: retaliatory headbutt, horns 2
a: Berserk, Trog's Hand, Brothers in Arms, Renounce Religion


You were on level 9 of the Dungeon.
You worshipped Trog.
Trog was extremely pleased with you.
You were not hungry.

You visited 2 branches of the dungeon, and saw 10 of its levels.

You collected 391 gold pieces.

Inventory:

Hand Weapons
 w - a +2 flail of protection
 C - a +0 hunting sling
 Z - a +0 great mace of draining (weapon)
Missiles
 e - 185 arrows
 f - 4 tomahawks (quivered)
 j - 28 poisoned needles
 n - 302 stones
 o - 86 bolts
 v - 82 sling bullets
 J - 8 needles of sleeping
 O - 5 silver tomahawks
 R - 2 throwing nets
 U - 3 curare-tipped needles
Armour
 p - a +0 plate armour (worn)
 u - a +0 hat (worn)
 H - a +0 shield
 M - a +0 pair of gloves (worn)
Jewellery
 l - a ring of stealth (left hand)
 B - a ring of see invisible (right hand)
Wands
 s - a wand of disintegration (12)
 G - a wand of flame (31)
 I - a wand of paralysis (33)
 L - a wand of acid (10)
 S - a wand of digging (3)
Scrolls
 a - a scroll of random uselessness {unknown}
 d - 4 scrolls of identify
 g - 2 scrolls of remove curse
 i - 2 scrolls of fear {unknown}
 m - 4 scrolls of teleportation
 y - 3 scrolls of fog {unknown}
 D - 2 scrolls of immolation {unknown}
 E - 2 scrolls of enchant weapon {unknown}
 Q - 2 scrolls of blinking {unknown}
 T - a scroll of holy word {unknown}
 X - a scroll of vulnerability {unknown}
 Y - a scroll of amnesia {unknown}
Potions
 b - 2 potions of invisibility {unknown}
 h - 8 potions of curing
 k - a potion of ambrosia {unknown}
 r - 3 potions of brilliance {unknown}
 t - 3 potions of lignification {unknown}
 x - a potion of magic {unknown}
 z - 4 potions of haste
 A - a potion of flight {unknown}
 F - 2 potions of berserk rage {unknown}
 K - a potion of might {unknown}
 N - 3 potions of heal wounds
 P - a potion of cancellation {unknown}
 V - a potion of agility {unknown}
Comestibles
 c - 17 rations


   Skills:
 + Level 10.5 Fighting
 * Level 13.7 Maces & Flails
 + Level 3.0 Throwing
 + Level 4.7 Armour
 + Level 4.1 Dodging
 - Level 4.0 Shields
 + Level 2.7 Evocations


You had 9 spell levels left.
You didn't know any spells.
Your spell library was empty.

Dungeon Overview and Level Annotations

Branches:
Dungeon (9/15)             Temple (1/1) D:5            Lair (0/6) D:9
    Orc: D:9-12

Altars:
Ashenzari
Cheibriados
Dithmenos
Elyvilon
Fedhas
Gozag
Hepliaklqana
Kikubaaqudgha
Makhleb
Nemelex Xobeh
Okawaru
Qazlal
Ru
Sif Muna
Trog
Uskayaw
Vehumet
Wu Jian
Xom
Yredelemnul
Zin
The Shining One

Shops:
D:4 =   D:9 *

Annotations:
D:9 exclusions: ice statue and orange crystal statue


Innate Abilities, Weirdness & Mutations

You reflexively headbutt those who attack you in melee.
You have a pair of horns on your head.


Message History

The killer bee stings you!
* * * LOW HITPOINT WARNING * * *
The killer bee stings you.
* * * LOW HITPOINT WARNING * * *
You are lethally poisoned!
The killer bee poisons you!
You see here a robe.
You almost manage to decipher the scroll, but fail in this attempt.
* * * LOW HITPOINT WARNING * * *
You feel very sick. The killer bee stings you.
* * * LOW HITPOINT WARNING * * *
The killer bee barely misses you. The killer bee stings you.
* * * LOW HITPOINT WARNING * * *
You are more poisoned.
The killer bee poisons you! The killer bee stings you.
* * * LOW HITPOINT WARNING * * *
You are more poisoned.
The killer bee poisons you! The killer bee stings you.
You die...

.....)....# #.............# #.
..........# #...########..# #.
..........# #...# #..# #.
..........# #...# #..# #.
..........# #...# #..# #[
........>.# #...########..####.
..........# #................<.
..........# #...#######........
<...###########.@.# #........
....# #....syyy# #........ ##..#
#......ca# #........ #..#
#.####...# #........ #..# #.#
#...# #........ #..######.#
#...#######........
#.........####....(......(......
#......<........................
##..................(............


You could see a centaur, a scorpion, a worker ant and 3 killer bees.

Vanquished Creatures
  Joseph (D:7)
  A troll (D:9)
  A hornet (D:8)
  5 hippogriffs
  A spriggan (D:8)
  2 wyverns
  A hungry ghost (D:7)
  Edmund (D:6)
  2 ice beasts
  An eye of draining (D:9)
  2 orc warriors (D:6)
  A black bear (D:8)
  A necrophage (D:9)
  8 ogres
  A phantom (D:7)
  6 centaurs
  A crocodile (D:8)
  5 bullfrogs
  A scorpion (D:6)
  7 killer bees (D:8)
  4 wights (D:7)
  2 howler monkeys
  2 crimson imps (D:6)
  A quasit (D:7)
  2 bullfrog zombies
  A gnoll shaman (D:9)
  2 jellies (D:8)
  5 orc priests
  2 hounds
  3 iguanas
  4 worker ants
  6 orc wizards
  A hound skeleton (D:4)
  2 worker ant zombies (D:7)
  17 gnolls
  6 adders
  3 shadow imps
  A worm (D:3)
  3 dart slugs
  3 leopard geckos
  27 orcs
  4 bats
  7 giant cockroaches
  8 goblins
  9 hobgoblins
  12 jackals
  6 quokkas
  2 ball pythons
  A ball python skeleton (D:6)
  6 frilled lizards
  8 kobolds
  A quokka skeleton (D:4)
  9 rats
219 creatures vanquished.

Vanquished Creatures (others)
  A leopard gecko zombie (D:5)
1 creature vanquished.

Grand Total: 220 creatures vanquished

Notes
Turn   | Place    | Note
-------+----------+-------------------------------------------
     0 | D:1      | whitewolfNL the Minotaur Berserker began the quest for the
                  | Orb.
     0 | D:1      | Reached XP level 1. HP: 19/19 MP: 0/0
    51 | D:1      | Reached skill level 4 in Maces & Flails
    68 | D:1      | Reached XP level 2. HP: 23/27 MP: 1/1
   577 | D:1      | Reached XP level 3. HP: 20/33 MP: 2/2
   612 | D:1      | Reached ** piety under Trog
   908 | D:2      | Reached skill level 5 in Maces & Flails
   914 | D:2      | Reached XP level 4. HP: 41/41 MP: 3/3
  1015 | D:2      | Found a stormy altar of Qazlal.
  1165 | D:2      | Found a snail-covered altar of Cheibriados.
  1170 | D:2      | Found a basalt altar of Yredelemnul.
  1172 | D:2      | Found a hazy altar of Hepliaklqana.
  1700 | D:3      | Reached skill level 6 in Maces & Flails
  1710 | D:3      | Reached XP level 5. HP: 39/47 MP: 4/4
  1727 | D:3      | Reached skill level 5 in Fighting
  2006 | D:3      | Found a sacrificial altar of Ru.
  2008 | D:3      | Found an ornate altar of the Wu Jian Council.
  2101 | D:3      | Noticed a hippogriff
  2109 | D:3      | Killed a hippogriff
  2109 | D:3      | Reached skill level 7 in Maces & Flails
  2109 | D:3      | Reached XP level 6. HP: 47/57 MP: 5/5
  2828 | D:4      | Reached skill level 8 in Maces & Flails
  3142 | D:4      | Reached XP level 7. HP: 57/63 MP: 6/6
  3264 | D:4      | Found Zeshrarch's Jewellery Emporium.
  3640 | D:5      | Entered Level 5 of the Dungeon
  3640 | D:5      | Found a basalt altar of Yredelemnul.
  3671 | D:5      | Reached skill level 9 in Maces & Flails
  3676 | D:5      | Found a radiant altar of Vehumet.
  4028 | D:5      | Found a staircase to the Ecumenical Temple.
  4038 | Temple   | Entered the Ecumenical Temple
  4406 | D:5      | Reached skill level 1 in Shields
  4516 | D:5      | Reached XP level 8. HP: 62/73 MP: 7/7
  4530 | D:5      | Found a shadowy altar of Dithmenos.
  4770 | D:5      | Reached skill level 10 in Maces & Flails
  4968 | D:6      | Reached *** piety under Trog
  5006 | D:6      | Noticed Edmund
  5405 | D:7      | Reached skill level 11 in Maces & Flails
  5454 | D:7      | Reached XP level 9. HP: 66/82 MP: 8/8
  5456 | D:7      | Noticed Joseph
  5463 | D:7      | HP: 2/82 [Joseph/sling bullet (10)]
  5473 | D:7      | Killed Joseph
  5940 | D:7      | Reached skill level 12 in Maces & Flails
  6246 | D:7      | Found a basalt altar of Yredelemnul.
  6496 | D:6      | Killed Edmund
  6496 | D:6      | Reached **** piety under Trog
  7367 | D:8      | Reached skill level 13 in Maces & Flails
  7378 | D:8      | Reached skill level 1 in Throwing
  7380 | D:8      | Reached skill level 1 in Evocations
  7399 | D:8      | Paralysed by a hornet for 2 turns
  7404 | D:8      | Paralysed by a hornet for 1 turns
  7405 | D:8      | Reached skill level 10 in Fighting
  7405 | D:8      | Reached XP level 10. HP: 41/93 MP: 9/9
  8614 | D:9      | Noticed an orange crystal statue
  8880 | D:9      | Paralysed by fainting for 5 turns
  9089 | D:9      | Reached ***** piety under Trog
  9206 | D:9      | Noticed an ice statue
  9254 | D:9      | Found a staircase to the Lair.
  9267 | D:9      | Found Duiganeof's Assorted Antiques.
  9344 | D:9      | Found an iron altar of Okawaru.
  9670 | D:9      | Lost intelligence.
  9679 | D:9      | HP: 4/94 [killer bee[an orange crystal statue] (5)]
  9679 | D:9      | HP: 1/94 [killer bee[an orange crystal statue] (3)]
  9679 | D:9      | Slain by a killer bee

Skill      XL: |  1  2  3  4  5  6  7  8  9 10 |
---------------+-------------------------------+-----
Maces & Flails | 4 5 6 7 8 9 11 13 | 13.7
Fighting       | 4 5 6 7 8 10 | 10.5
Shields        | 1 4 |  4.0
Throwing       | 1 3 |  3.0
Armour         | 3 4 |  4.7
Evocations     | 1 2 |  2.7
Dodging        | 4 |  4.1

Action                   |  1- 3 |  4- 6 |  7- 9 | 10-12 || total
-------------------------+-------+-------+-------+-------++-------
Melee: Mace              |    65 |     1 |       |       ||    66
       Headbutt          |    11 |    18 |    50 |    40 ||   119
       Flail             |       |   116 |   291 |   191 ||   598
       Great mace        |       |       |       |    11 ||    11
 Fire: Hunting sling     |       |       |       |     8 ||     8
Throw: Stone             |       |       |     2 |     7 ||     9
       Javelin           |       |       |       |     7 ||     7
       Tomahawk          |       |       |       |     1 ||     1
Invok: Berserk           |     2 |     2 |     8 |     5 ||    17
Evoke: Wand              |       |       |     1 |       ||     1
  Use: Scroll            |       |       |     7 |       ||     7
       Potion            |       |       |     2 |       ||     2
 Stab: Sleeping          |       |     2 |     1 |       ||     3
  Eat: Chunk             |     1 |    10 |    16 |    12 ||    39
       Ration            |       |       |     2 |       ||     2
Armor: Animal skin       |    13 |       |       |       ||    13
       Ring mail         |       |    51 |    53 |       ||   104
       Plate armour      |       |       |    19 |   146 ||   165
       Chain mail        |       |       |     4 |       ||     4
Dodge: Dodged            |    44 |    68 |    97 |    76 ||   285
Block: Shield            |       |       |   113 |   108 ||   221
